 Dungeon Crawl Stone Soup version 0.32-a0-418-g34023cf50c (webtiles) character file.

Game seed: 11099164133502658623

119 Asfel the Changeling (level 4, -7/32 HPs)
             Began as a Demonspawn Shapeshifter on Feb 21, 2024.
             Mangled by Crazy Yiuf
             ... wielding a +4 quarterstaff of chaos
              (10 damage)
             ... on level 3 of the Dungeon.
             The game lasted 00:05:33 (1786 turns).

Asfel the Changeling (Demonspawn Shapeshifter)      Turns: 1786, Time: 00:05:34

Health: -7/32      AC:  5    Str: 16    XL:     4   Next: 73%
Magic:  4/4        EV: 11    Int: 10    God:
Gold:   85         SH:  0    Dex: 13    Spells: 3/3 levels left

rFire   . .          .
                       - Unarmed
rCold   . . .        (no shield)
rNeg    . . .        f - +0 ring mail
rPois   .            (helmet currently unavailable)
rElec   .            (cloak currently unavailable)
rCorr   .            (gloves currently unavailable)
SInv    .            (boots currently unavailable)
Will    .....        (no amulet)
Stlth   +            (no ring)
HPRegen 0.25/turn    (no ring)
MPRegen 0.09/turn

%: no passive effects
@: beast-form
A: beast (slay +2), demonic guardian 1, sturdy frame 1
a: Begin Untransformation


You were on level 3 of the Dungeon.
You were a hulking beast.
You visited 1 branch of the dungeon, and saw 3 of its levels.

You collected 85 gold pieces.

Inventory:

Armour
 a - a +0 animal skin
 f - a +0 ring mail (worn)
Jewellery
 p - a +5 ring of evasion
Talismans
 c - a beast talisman (active)
 d - a flux talisman
 g - a flux talisman
 k - a serpent talisman
Scrolls
 h - 3 scrolls of identify {unknown}
 i - a scroll of summoning {unknown}
 j - a scroll of blinking {unknown}
 l - a scroll of teleportation {unknown}
Potions
 b - a potion of lignification
 e - a potion of curing {unknown}
 m - 2 potions of might {unknown}
 n - a potion of ambrosia {unknown}
 o - a potion of magic {unknown}


   Skills:
 + Level 1.4 Fighting
 + Level 1.0 Armour
 + Level 2.1 Dodging
 + Level 0.2 Stealth
 + Level 3.5 Unarmed Combat
 * Level 3.6 Shapeshifting


You had 3 spell levels left.
You didn't know any spells.
Your spell library was empty.

Dungeon Overview and Level Annotations

Branches:
Dungeon (3/15)

Altars:
Uskayaw

Shops:
D:1 **

Annotations:
D:3 Crazy Yiuf


Innate Abilities, Weirdness & Mutations

You are a hulking beast.
Your limbs bulge with bestial killing power. (Slay +2)
A weak demonic guardian rushes to your aid.
Your movements are slightly less encumbered by armour. (ER -2)


Message History

Found seven hammers.
Found a runed translucent door.
You see here a +0 hammer.
Found a hammer.
Crazy Yiuf shouts!
You see here a +0 hammer.
You see here a +0 hammer.
You see here a +2 heavy hammer.
You see here a +0 hammer.
You see here a +0 hammer.
You see here a +0 hammer.
Found two hammers and a runed hammer.
Crazy Yiuf says, "Line!"
You see here a +0 hammer.
You open the door. You hit Crazy Yiuf but do no damage. You hit Crazy Yiuf.
Crazy Yiuf is moderately wounded.
Crazy Yiuf misses you.
You hit Crazy Yiuf.
Crazy Yiuf is moderately wounded.
Crazy Yiuf says, "Crazy?
Crazy!?
PORCUPINE!"
Crazy Yiuf barely misses you.
You hit Crazy Yiuf.
Crazy Yiuf is severely wounded.
Crazy Yiuf says, "Castle chair pizzabubble!"
Crazy Yiuf hits you with a +4 quarterstaff of chaos!
Crazy Yiuf draws strength from your wounds!
You hit Crazy Yiuf but do no damage. You punch Crazy Yiuf.
Crazy Yiuf is heavily wounded.
Crazy Yiuf hits you with a +4 quarterstaff of chaos!
You are electrocuted!
Ouch! That really hurt!
* * * LOW HITPOINT WARNING * * *
A demonic guardian appears!
You see here a +0 hammer.
Crazy Yiuf attacks as he pursues you! Crazy Yiuf barely misses you.
You see here a +0 hammer.
Crazy Yiuf attacks as he pursues you!
Crazy Yiuf hits you with a +4 quarterstaff of chaos!
You die...

##### #).)#
#)))# )))
#5# ♣♣)♣
♣)♣♣ ♣♣g♣
♣h♣♣ ♣♣)♣♣
♣).P♣♣
♣PP..♣
#....#
#....####..
##.........
#.........
#.########


You could see Crazy Yiuf (ally target) and a friendly iron imp (summoned).

Vanquished Creatures
  2 adders (D:2)
  A dart slug (D:1)
  2 ribbon worms (D:2)
  5 bats
  3 endoplasms
  8 giant cockroaches
  6 goblins
  7 hobgoblins
  4 jackals (D:1)
  3 ball pythons (D:1)
  3 frilled lizards
  2 kobolds
  4 rats
50 creatures vanquished.

Vanquished Creatures (collateral kills)
  A ball python (D:1)
  A goblin (D:1)
2 creatures vanquished.

Grand Total: 52 creatures vanquished

Notes
Turn   | Place    | Note
-------+----------+-------------------------------------------
     0 | D:1      | Asfel the Demonspawn Shapeshifter began the quest for the
                  | Orb.
     0 | D:1      | Reached XP level 1. HP: 15/15 MP: 1/1
   138 | D:1      | Gained mutation: A weak demonic guardian rushes to your
                  | aid. [demonic ancestry]
   138 | D:1      | Reached XP level 2. HP: 7/21 MP: 2/2
   263 | D:1      | Found Cupnah's Assorted Antiques.
   397 | D:1      | Found a transporter.
   417 | D:1      | Found Gohudgh's General Store.
   452 | D:1      | Gained mutation: Your movements are slightly less
                  | encumbered by armour. (ER -2) [demonic ancestry]
   452 | D:1      | Reached XP level 3. HP: 26/26 MP: 3/3
   577 | D:1      | Found a transporter.
  1029 | D:2      | Reached XP level 4. HP: 29/32 MP: 4/4
  1451 | D:2      | Found a hide-covered altar of Uskayaw.
  1559 | D:2      | Reached skill level 1 in Armour
  1770 | D:3      | Found a runed translucent door.
  1771 | D:3      | Noticed Crazy Yiuf
  1786 | D:3      | Mangled by Crazy Yiuf

Illustrated notes

Levels and vault maps discovered:
D:1:      spicycebolla_arrival_ecumenical, layout_basic, serial_shops,
          nicolae_shop_drivethru, nicolae_shop_trees, minmay_worlds_worst_comb
D:2:      layout_loops_ring, basic_altar
D:3:      layout_basic, nicolae_overflows_in_rows, uniq_crazy_yiuf_cottage

Skill      XL: |  1  2  3  4 |
---------------+-------------+-----
Shapeshifting  | 3 |  3.6
Unarmed Combat | 3 |  3.5
Dodging        | 2 |  2.1
Armour         | 1 |  1.0
Fighting       | |  1.4
Stealth        | |  0.2

Action                     |  1- 3 |  4- 6 || total
---------------------------+-------+-------++-------
  Melee: Unarmed           |    86 |    50 ||   136
         Punch             |       |     4 ||     4
 Armour: Ring mail         |    66 |    25 ||    91
  Dodge: Dodged            |    55 |    20 ||    75

Table legend: (Time is in decaauts)
 A = Elapsed time spent in this place.
 B = Non-inter-level travel time spent in this place.
 C = Inter-level travel time spent in this place.
 D = Time resting spent in this place.
 E = Time spent auto-exploring this place.
 F = Levels seen in this place.
 G = Mean time per level.
                   A        B        C        D        E       F      G
               +--------+--------+--------+--------+--------+-----+--------+
         Total |   1777 |   1681 |     96 |      0 |   1203 |   3 |  592.3 |
       Dungeon |   1777 |   1681 |     96 |      0 |   1203 |   3 |  592.3 |
               +--------+--------+--------+--------+--------+-----+--------+

Top non-repeatable levels by time:
     D:1: 1018 daAuts
     D:2: 729 daAuts
     D:3: 29 daAuts
